 Dungeon Crawl Stone Soup version 0.32-a0-893-gf85d74f360 (webtiles) character file.

Game seed: 7792581052824944404

78979 Lanoc the Bludgeoner (level 15, -8/180 HPs)
             Began as a Mountain Dwarf Chaos Knight on Apr 4, 2024.
             Was a Plaything of Xom.
             Killed from afar by a kobold blastminer (27 damage)
             ... with an iron shot
             ... on level 2 of the Orcish Mines.
             The game lasted 00:56:27 (18625 turns).

Lanoc the Bludgeoner (Mountain Dwarf Chaos Knight) Turns: 18625, Time: 00:56:28

Health: -8/180     AC: 38    Str: 17    XL:     15   Next: 19%
Magic:  16/16      EV: 14    Int: 22    God:    Xom [*.....]
Gold:   3048       SH:  4    Dex: 21    Spells: 14/14 levels left

rFire   + + +        a - +1 mace (chaos)
rCold   . . .        y - +0 buckler
rNeg    + . .        g - +4 chain mail {rF+}
rPois   .            (helmet restricted)
rElec   .            C - +0 cloak
rCorr   .            l - +2 pair of gloves {hurl}
SInv    +            i - +3 pair of seven-league boots {Rampage+∞}
Will    +++++        N - amulet of the Four Winds {rN+ Will+++ Clar}
Stlth   ++           W - +4 ring of protection
HPRegen 1.30/turn    V - +6 ring of dexterity
MPRegen 0.15/turn

%: clarity, rampage+∞
@: about to teleport
A: runic magic, artefact enchanting, antennae 2, claws 1, talons 2, iridescent
scales 3, thin skeletal structure 2, see invisible, agile 1, clever 2, fire
resistance 2, high MP 1, strong-willed 1, regeneration 1, robust 3, shaggy fur
1, wild magic 2, sturdy frame 1, noise suppression
a: Renounce Religion


You were on level 2 of the Orcish Mines.
You worshipped Xom.
You were a special plaything of Xom.
You visited 4 branches of the dungeon, and saw 21 of its levels.
You visited the Abyss 1 time.
You also visited: Bailey and Volcano.

You collected 3958 gold pieces.
You spent 910 gold pieces at shops.

Inventory:

Hand Weapons
 a - a +1 mace of chaos (weapon)
 M - a +4 flail
 Q - a +0 morningstar
 S - a +4 whip of draining
Missiles
 b - 2 throwing nets (quivered)
 n - 11 curare-tipped darts
 r - 8 datura-tipped darts
Armour
 g - a +4 chain mail of fire resistance (worn)
 i - the +3 pair of seven-league boots (worn) {Rampage+∞}
   (You found it on level 1 of the Lair of Beasts)

   Rampage+∞: When moving toward enemies, its wearer moves as far as possible,
   alerting their target en route.
 l - a +2 pair of gloves of hurling (worn)
 y - a +0 buckler (worn)
 C - a +0 cloak (worn)
 K - a +2 chain mail of willpower
 P - a +4 scale mail of fire resistance
Jewellery
 s - a ring of flight
 E - a ring of resist corrosion
 N - the amulet of the Four Winds (around neck) {rN+ Will+++ Clar}
   (You bought it in a shop on level 1 of the Orcish Mines)

   [amulet of nothing]

   rN+:       It protects you from negative energy.
   Will+++:   It greatly increases your willpower.
   Clar:      It protects you from confusion, rage, mesmerisation and fear.
 V - a +6 ring of dexterity (right hand)
 W - a +4 ring of protection (left hand)
Wands
 m - a wand of paralysis (32)
 o - a wand of flame (90)
 u - a wand of digging (3)
 F - a wand of warping (36)
Scrolls
 c - a scroll of butterflies
 e - 3 scrolls of noise
 h - 4 scrolls of blinking
 q - 2 scrolls of poison
 v - 3 scrolls of vulnerability
 G - 2 scrolls of brand weapon
 H - 2 scrolls of enchant armour
 L - 5 scrolls of enchant weapon
 O - 2 scrolls of teleportation
 U - 3 scrolls of fear
 X - 2 scrolls of torment
 Z - a scroll of amnesia
Potions
 d - 2 potions of attraction
 f - a potion of resistance
 j - 9 potions of curing
 k - 2 potions of invisibility
 t - 6 potions of might
 w - 4 potions of haste
 x - 4 potions of mutation
 z - 8 potions of ambrosia
 B - 2 potions of lignification
 D - 2 potions of berserk rage
 I - a potion of magic
 R - 4 potions of heal wounds
 T - 2 potions of enlightenment
 Y - 5 potions of brilliance
Miscellaneous
 p - a phantom mirror
 A - a condenser vane
 J - a lightning rod (4/4)


   Skills:
 + Level 14.8 Fighting
 - Level 18.5 Maces & Flails
 + Level 14.5 Armour
 + Level 10.3 Dodging


You had 14 spell levels left.
You didn't know any spells.
Your spell library contained the following spells:

 Spells                   Type           Power      Damage    Failure   Level
 Apportation              Tloc           0%         N/A       47%         1
 Magic Dart               Conj           0%         1d3       47%         1
 Sandblast                Erth           0%         2d4       47%         1
 Shock                    Conj/Air       0%         1d3       47%         1
 Summon Small Mammal      Summ           0%         N/A       47%         1
 Cigotuvi's Dreadful Rot  Necr/Alch/Air  0%         N/A       58%         2
 Jinxbite                 Hex            0%         N/A       58%         2
 Mercury Vapours          Alch/Air       0%         N/A       58%         2
 Searing Ray              Conj           0%         2d4       58%         2
 Call Canine Familiar     Summ           0%         N/A       80%         3
 Mephitic Cloud           Conj/Alch/Air  0%         N/A       80%         3
 Passwall                 Erth           0%         N/A       80%         3
 Stone Arrow              Conj/Erth      0%         3d7       80%         3
 Animate Armour           Summ/Erth      0%         N/A       99%         4
 Brom's Barrelling Bould  Conj/Erth      0%         2d3       99%         4
 Fulminant Prism          Conj/Alch      0%         3d5       99%         4
 Summon Blazeheart Golem  Fire/Summ      0%         N/A       99%         4
 Alistair's Intoxication  Alch           0%         N/A       100%        5
 Conjure Ball Lightning   Conj/Air       0%         3x3d6     100%        6
 Sculpt Simulacrum        Ice/Alch       0%         N/A       100%        6
 Ozocubu's Refrigeration  Ice            0%         4d7       100%        7
 Lehudib's Crystal Spear  Conj/Erth      0%         10d2      100%        8


Dungeon Overview and Level Annotations

Branches:
Dungeon (13/15)            Temple (1/1) D:6            Lair (5/5) D:10
 Shoals (0/4) Lair:3       Spider (0/4) Lair:3        Slime (0/5) Lair:4
    Orc (2/2) D:10            Elf (0/3) Orc:2        Bailey (visited)
Volcano (visited)
 Vaults: D:13-14

Altars:
Ashenzari
Cheibriados
Dithmenos
Elyvilon
Fedhas
Gozag
Hepliaklqana
Kikubaaqudgha
Makhleb
Nemelex Xobeh
Okawaru
Qazlal
Ru
Sif Muna
Trog
Uskayaw
Vehumet
Wu Jian
Xom
Yredelemnul
Zin
The Shining One
Jiyva

Shops:
D:11 (   Orc:1 =

Portals:
Trove: D:10 (give +3 fire dragon scales)

Annotations:
D:7 1 runed translucent door
D:10 Snorg
Lair:5 2 transporters, Autsider's ghost, journeyman TrFi
Orc:2 1 runed translucent door, Konar's ghost, journeyman CoHu


Innate Abilities, Weirdness & Mutations

Your spellcasting is much less encumbered by armour.
You can use scrolls of enchantment on lesser artefacts.
You have a pair of antennae on your head.
You have sharp fingernails.
You have razor-sharp toenails.
You are completely covered in iridescent scales. (AC +6)
You have a moderately thin skeletal structure. (Dex +4, Stealth++)
You have supernaturally acute eyesight. (SInv)
You are agile. (Dex +4, Str/Int -1)
Your mind is very acute. (Int +8, Str/Dex -2)
Your flesh is very heat resistant. (rF++)
You have an increased reservoir of magic. (+10% MP)
You are strong-willed. (Will+)
Your natural rate of healing is unusually fast.
You are extremely robust. (+30% HP)
You are covered in fur. (AC +1)
Your spells are harder to cast, but more powerful.
Your movements are slightly less encumbered by armour. (ER -2)
You passively dampen the noise of your surroundings.


Message History

You block the iron shot.
You barely miss the orc sorcerer.
The orc sorcerer is heavily wounded.
The orc knight hits you from afar with a +0 halberd!!
* * * LOW HITPOINT WARNING * * *
As you read the scroll of teleportation, it crumbles to dust.
You feel strangely unstable.
You block the kobold blastminer's attack.
The orc knight hits you from afar with a +0 halberd!
* * * LOW HITPOINT WARNING * * *
You block the orc knight's attack.
The orc sorcerer hits you with a +0 dagger.
* * * LOW HITPOINT WARNING * * *
You hit the orc sorcerer but do no damage.
The orc sorcerer is caught in a web!
The orc sorcerer is heavily wounded.
The kobold blastminer hits you but does no damage.
The orc knight hits you but does no damage.
An orc wizard comes into view. It is wielding a +0 dagger.
The orc sorcerer tears the web.
The orc knight hits you with a +0 great mace.
* * * LOW HITPOINT WARNING * * *
You barely miss the orc sorcerer.
The orc sorcerer is heavily wounded.
You hit the orc sorcerer.
The orc sorcerer suddenly seems more resistant.
The orc sorcerer is severely wounded. "Hum-dee-hum-dee-hum..."
The kobold blastminer is moving more slowly.
You block the kobold blastminer's attack.
The orc knight hits you from afar with a +0 halberd!
* * * LOW HITPOINT WARNING * * *
The orc sorcerer gestures wildly while chanting.
The orc knight completely misses you.
You hit the orc sorcerer but do no damage.
The orc sorcerer is almost dead.
The kobold blastminer blasts its cannon at you.
The iron shot hits you!!
You die...
Xom roars with laughter!

##......# , {##...... ##.......#
, { #.#..#.. #........#**{,
,{.{#.....## #..)))..# ,..
#....... ## ##..)...## , ,o÷.
#.....#. ##{# #))#)...#
,,÷...##...##.. #|(W###)##...##
....##.....#..
###+##.#.##..)4##o.÷..#.........
#.........##..)@oo..####........
##......#.####..oK..##.#.........
#......########...###............
##......####..#####..#....#.....^
##......##...# #.#.###..........
.#......##..# ##....##.........)
.............###....##..........)
#.........#..#.#....##...........
##.###.#.##.........#............


You could see 2 orc knights, a hellwing (summoned), a kobold blastminer
(petrifying), an orc sorcerer (strong, resistant, very poisoned) and 2 orc
wizards.

Vanquished Creatures
  Rupert (Lair:5)
  An emperor scorpion (Lair:5)
  An ettin (Orc:2)
  2 hydras (Lair:2)
  3 catoblepae
  3 boulder beetles
  4 two-headed ogres
  Urug (Lair:5)
  A thrashing horror (Abyss:1)
  7 death yaks
  3 orc high priests (Orc:2)
  A sun demon (Abyss:1)
  2 skysharks
  A death drake (D:12)
  An arcanist (D:13)
  A deep elf archer (Volcano)
  A large abomination (Abyss:1)
  4 orc knights
  2 obsidian bats (Orc:1)
  A lindwurm (Lair:5)
  5 deep elf pyromancers
  A shining eye (Lair:5)
  A manticore (D:11)
  An ugly thing (D:12)
  4 orc sorcerers
  3 cyclopes
  12 elephants
  6 black mambas
  4 kobold blastminers
  A guardian serpent (Lair:1)
  A meliai (Lair:1)
  2 gargoyles
  3 torpor snails
  A water nymph (Lair:3)
  8 cane toads
  Jeremiah (Lair:1)
  2 kobold demonologists
  An unseen horror (Volcano)
  A yaktaur (Orc:2)
  3 rime drakes
  7 komodo dragons
  An efreet (Abyss:1)
  Psyche (D:9)
  A freezing wraith (Abyss:1)
  A queen bee (Lair:2)
  5 polar bears
  A troll (D:13)
  2 hellwings (Abyss:1)
  A raiju (Abyss:1)
  A snapping turtle (shapeshifter) (Lair:2)
  7 blink frogs
  3 dream sheep (Lair:2)
  Sigmund (D:2)
  5 slime creatures (D:13)
  A vampire (D:10)
  A shadow (D:11)
  4 wraiths
  34 yaks
  A human (D:13)
  A ynoxinul (Abyss:1)
  5 fire elementals (Volcano)
  5 basilisks
  Eustachio (D:6)
  5 steam dragons
  6 wargs
  3 vampire mosquitoes (Lair:3)
  A chaos spawn (Abyss:1)
  Menkaure (D:7)
  2 acid dragons
  A small abomination (Abyss:1)
  9 water moccasins
  4 hell hounds (Volcano)
  Duvessa (D:6)
  25 orc warriors
  2 ice beasts
  3 black bears
  8 ogres
  8 wolves
  6 centaurs
  A lemure (D:4)
  A phantom (D:5)
  9 kobold brigands
  A brain worm (D:9)
  16 bullfrogs
  A gnoll sergeant (D:4)
  5 scorpions (Lair:3)
  6 wights
  Dowan (D:6)
  27 killer bees
  2 electric eels (Lair:2)
  A centaur zombie (D:6)
  A crimson imp (D:7)
  A bullfrog zombie (D:6)
  A hound (D:5)
  6 jellies
  Crazy Yiuf (D:2)
  A gnoll bouda (D:5)
  15 orc priests
  5 starcursed masses (Abyss:1)
  2 sleepcaps
  5 iguanas
  Natasha (thrice) (D:2)
  18 orc wizards
  An ogre zombie (Orc:1)
  16 gnolls
  6 adders
  2 shadow imps
  2 white imps
  2 ufetubi (D:5)
  A dart slug (D:1)
  4 ribbon worms
  75 orcs
  4 endoplasms
  3 giant cockroaches
  9 hobgoblins
  5 jackals
  2 quokkas
  14 ball pythons
  9 bats
  6 frilled lizards
  18 goblins
  36 kobolds
  8 rats
  A butterfly (Lair:2)
631 creatures vanquished.

Vanquished Creatures (collateral kills)
  A death yak (Lair:5)
  A deep elf pyromancer (D:12)
  Maurice (D:7)
  2 black mambas (Lair:1)
  A cane toad (Lair:1)
  A rime drake (Lair:1)
  A kobold demonologist (D:11)
  3 trolls
  A hornet (D:9)
  2 blink frogs (Lair:1)
  A vampire (D:9)
  6 yaks
  A wyvern (D:9)
  An orc warrior (D:6)
  A wolf (D:10)
  A kobold brigand (D:11)
  A bullfrog (Lair:1)
  2 wights (D:9)
  A howler monkey (D:10)
  A jelly (D:6)
  2 orc priests
  2 orc wizards
  7 orcs
  3 kobolds
44 creatures vanquished.

Vanquished Creatures (others)
  A two-headed ogre (D:12)
  A deep troll shaman (Lair:5)
  Pikel (D:4)
  A deep elf pyromancer (Volcano)
  A troll (D:7)
  A merfolk (Lair:5)
  2 orc warriors
  A lemure (D:4)
  2 scorpions
  2 jellies (D:5)
  2 orc priests (Orc:2)
  2 orc wizards
  4 orcs
  A kobold (Bailey)
  A ball python (D:4)
  A kobold zombie (Bailey)
  An orc zombie (D:7)
  A rat zombie (D:2)
26 creatures vanquished.

Grand Total: 701 creatures vanquished

Notes
Turn   | Place    | Note
-------+----------+-------------------------------------------
     0 | D:1      | Lanoc the Mountain Dwarf Chaos Knight began the quest for
                  | the Orb.
     0 | D:1      | Reached XP level 1. HP: 19/19 MP: 1/1
   167 | D:1      | Reached XP level 2. HP: 25/26 MP: 2/2
   170 | D:1      | Reached skill level 4 in Maces & Flails
   206 | D:1      | Reached skill level 1 in Dodging
   210 | D:1      | XOM: noise
   257 | D:1      | XOM: summons 1 hostile demon
   259 | D:1      | XOM: butterfly on damage
   490 | D:1      | XOM: stat loss: -1 Dex (8/9)
   597 | D:1      | Reached XP level 3. HP: 31/31 MP: 3/3
   840 | D:1      | XOM: give mutations
   840 | D:1      | Gained mutation: You expend magic power (3 MP) to
                  | strengthen your wands. [Xom's grace]
   840 | D:1      | Gained mutation: You are robust. (+10% HP) [Xom's grace]
   997 | D:1      | XOM: god gift: Xom's Compendium of the Disturbing Hosts
                  | {god gift}
   998 | D:1      | Got Xom's Compendium of the Disturbing Hosts {god gift}
  1139 | D:2      | XOM: scenery: create altars
  1275 | D:2      | Noticed Natasha
  1280 | D:2      | Killed Natasha
  1281 | D:2      | Reached XP level 4. HP: 42/44 MP: 4/4
  1284 | D:2      | XOM: 5-stop teleportation journey
  1303 | D:2      | Noticed Sigmund
  1307 | D:2      | XOM: enchant monster (good)
  1312 | D:2      | Killed Sigmund
  1313 | D:2      | Reached skill level 5 in Maces & Flails
  1313 | D:2      | Reached XP level 5. HP: 19/51 MP: 5/5
  1551 | D:2      | XOM: divination: detect creatures
  1555 | D:2      | XOM: smoke on damage
  1563 | D:2      | Reached XP level 6. HP: 34/58 MP: 6/6
  1576 | D:2      | Noticed Natasha
  1582 | D:2      | Killed Natasha
  1583 | D:2      | Reached skill level 6 in Maces & Flails
  1742 | D:2      | XOM: summons 2 hostile shadow creatures
  1773 | D:2      | You fall into a shaft and drop 1 floor!
  1942 | D:3      | XOM: 1-stop teleportation journey
  2194 | D:2      | XOM: torment (30/58 hp)
  2300 | D:2      | Found a runed translucent door.
  2301 | D:2      | Noticed Crazy Yiuf
  2378 | D:2      | Noticed Natasha
  2385 | D:2      | Killed Natasha
  2437 | D:2      | Killed Crazy Yiuf
  2769 | D:3      | XOM: 3-stop teleportation journey
  2868 | D:3      | XOM: scenery: 2 doors close
  2917 | D:4      | XOM: stealth player
  3088 | D:4      | XOM: 2-stop teleportation journey
  3112 | D:4      | Reached XP level 7. HP: 43/66 MP: 7/7
  3158 | D:4      | XOM: give mutations
  3158 | D:4      | Gained mutation: You are very robust. (+20% HP) [Xom's
                  | grace]
  3158 | D:4      | Gained mutation: You are covered in fur. (AC +1) [Xom's
                  | grace]
  3158 | D:4      | Gained mutation: You are agile. (Dex +4, Str/Int -1) [Xom's
                  | grace]
  3158 | D:4      | Gained mutation: You are very agile. (Dex +8, Str/Int -2)
                  | [Xom's grace]
  3231 | D:4      | XOM: give mutations
  3231 | D:4      | Gained mutation: You have supernaturally acute eyesight.
                  | (SInv) [Xom's grace]
  3231 | D:4      | Gained mutation: Your movements are slightly less
                  | encumbered by armour. (ER -2) [Xom's grace]
  3231 | D:4      | Gained mutation: Your mind is acute. (Int +4, Str/Dex -1)
                  | [Xom's grace]
  3389 | D:4      | XOM: god gift: +2 heavy bardiche
  3425 | D:4      | Noticed Pikel
  3434 | D:4      | XOM: potion effect (invisibility)
  3438 | D:4      | Killed Pikel
  3438 | D:4      | XOM: divine lightning
  3439 | D:4      | Reached skill level 5 in Fighting
  3439 | D:4      | Reached skill level 7 in Maces & Flails
  3736 | D:5      | Entered Level 5 of the Dungeon
  3949 | D:5      | XOM: give mutations
  3949 | D:5      | Gained mutation: You have a pair of small antennae on your
                  | head. [Xom's grace]
  3949 | D:5      | Gained mutation: You are partially covered in iridescent
                  | scales. (AC +2) [Xom's grace]
  3949 | D:5      | Gained mutation: You have large cloven feet. [Xom's grace]
  3949 | D:5      | Gained mutation: You are somewhat resistant to further
                  | mutation. [Xom's grace]
  4054 | D:5      | XOM: summons friendly quasit
  4069 | D:5      | Reached skill level 5 in Armour
  4069 | D:5      | Reached XP level 8. HP: 77/82 MP: 8/8
  4105 | D:5      | XOM: summons friendly white imp
  4117 | D:5      | Reached skill level 8 in Maces & Flails
  4236 | D:5      | XOM: 1-stop teleportation journey
  4244 | D:5      | XOM: silly message
  4338 | D:5      | XOM: god gift: sling {god gift}
  4340 | D:5      | XOM: scenery: summon butterflies
  4402 | D:5      | XOM: 1-stop teleportation journey
  4539 | D:4      | XOM: give mutations
  4539 | D:4      | Gained mutation: Your natural rate of healing is unusually
                  | fast. [Xom's grace]
  4539 | D:4      | Gained mutation: Your system is resistant to poisons.
                  | (rPois) [Xom's grace]
  4629 | D:5      | Found a sparkling altar of Nemelex Xobeh.
  4701 | D:5      | XOM: god gift: orange potion {god gift}
  4780 | D:5      | XOM: god gift: ruby potion {god gift}
  4919 | D:6      | Noticed Eustachio
  4920 | D:6      | XOM: summons 7 friendly demons
  4987 | D:6      | Reached skill level 9 in Maces & Flails
  5165 | D:6      | XOM: fog
  5171 | D:6      | Found a staircase to the Ecumenical Temple.
  5171 | D:6      | XOM: 2-stop teleportation journey
  5173 | D:6      | XOM: cast spell 'Animate Armour'
  5190 | D:6      | Killed Eustachio
  5199 | D:6      | Reached XP level 9. HP: 93/93 MP: 9/9
  5245 | Temple   | Entered the Ecumenical Temple
  5282 | D:6      | XOM: give mutations
  5282 | D:6      | Gained mutation: Your spells are a little harder to cast,
                  | but a little more powerful. [Xom's grace]
  5282 | D:6      | Gained mutation: You are mostly covered in iridescent
                  | scales. (AC +4) [Xom's grace]
  5282 | D:6      | Gained mutation: You have very sharp teeth. [Xom's grace]
  5282 | D:6      | Gained mutation: Your mind is very acute. (Int +8, Str/Dex
                  | -2) [Xom's grace]
  5291 | D:6      | Noticed Duvessa
  5292 | D:6      | Noticed Dowan
  5302 | D:6      | Killed Duvessa
  5306 | D:6      | Killed Dowan
  5375 | D:6      | XOM: god gift: scale mail {god gift}
  5542 | D:6      | Found a basalt altar of Yredelemnul.
  5635 | D:7      | XOM: god gift: +2 pair of gloves of hurling
  5670 | D:7      | Found a runed translucent door.
  5671 | D:7      | Found a burning altar of Makhleb.
  5671 | D:7      | Noticed a sixfirhy
  5679 | D:7      | XOM: potion effect (berserk rage)
  5687 | D:7      | Reached skill level 10 in Maces & Flails
  5696 | D:7      | XOM: scenery: create altars
  5703 | D:7      | XOM: cast spell 'Olgreb's Toxic Radiance'
  5769 | D:7      | Found a flagged portal.
  5789 | Bailey   | Entered a bailey
  5803 | Bailey   | XOM: divine lightning
  5822 | Bailey   | XOM: confuse monster(s)
  5829 | Bailey   | XOM: cleaving
  5886 | Bailey   | Found a burning altar of Makhleb.
  5889 | Bailey   | XOM: fake destruction
  5899 | Bailey   | Reached skill level 11 in Maces & Flails
  5993 | D:7      | Noticed Menkaure
  6001 | D:7      | Killed Menkaure
  6109 | D:7      | Noticed a kobold demonologist
  6119 | D:7      | XOM: potion effect (attraction)
  6129 | D:7      | XOM: divination: detect items
  6134 | D:7      | Killed a kobold demonologist
  6135 | D:7      | Reached XP level 10. HP: 91/105 MP: 8/10
  6140 | D:7      | XOM: polymorph white imp -> crimson imp
  6146 | D:7      | XOM: summons friendly ufetubus
  6197 | D:7      | Got the Compendium of the Geologist and Air
  6226 | D:7      | Found a shimmering altar of Xom.
  6402 | D:7      | Found a glowing silver altar of Zin.
  6498 | D:7      | Found a shadowy altar of Dithmenos.
  6570 | D:7      | XOM: scenery: create altars
  6571 | D:7      | XOM: divine lightning
  6572 | D:7      | Reached skill level 5 in Dodging
  6578 | D:7      | Noticed Maurice
  6587 | D:7      | Killed Maurice
  6721 | D:8      | XOM: scenery: summon butterflies
  6746 | D:8      | Reached skill level 12 in Maces & Flails
  6752 | D:8      | XOM: divination: detect items
  6789 | D:8      | Found a stormy altar of Qazlal.
  6838 | D:8      | XOM: 4-stop teleportation journey
  6910 | D:8      | XOM: swap monsters
  6922 | D:8      | XOM: noise
  6982 | D:8      | XOM: divination: magic mapping
  7011 | D:8      | XOM: divination: detect creatures
  7071 | D:8      | XOM: cast spell 'Alistair's Intoxication'
  7107 | D:8      | XOM: god gift: inky potion {god gift}
  7222 | D:8      | XOM: god gift: runed hand axe {god gift}
  7238 | D:8      | XOM: give mutations
  7238 | D:8      | Gained mutation: You passively map a small area around you.
                  | [Xom's grace]
  7238 | D:8      | Gained mutation: Your spells are harder to cast, but more
                  | powerful. [Xom's grace]
  7238 | D:8      | Gained mutation: You possess an exceptional clarity of
                  | mind. [Xom's grace]
  7238 | D:8      | Gained mutation: You passively dampen the noise of your
                  | surroundings. [Xom's grace]
  7341 | D:9      | XOM: polymorph orc wizard -> brain worm
  7344 | D:9      | Noticed Psyche
  7352 | D:9      | Killed Psyche
  7368 | D:9      | XOM: divination: detect creatures
  7421 | D:9      | XOM: give mutations
  7421 | D:9      | Gained mutation: You have a pair of antennae on your head.
                  | [Xom's grace]
  7421 | D:9      | Gained mutation: You passively map the area around you.
                  | [Xom's grace]
  7421 | D:9      | Gained mutation: Your flesh is heat resistant. (rF+) [Xom's
                  | grace]
  7477 | D:9      | Reached skill level 13 in Maces & Flails
  7724 | D:9      | Found a sacrificial altar of Ru.
  7813 | D:10     | Entered Level 10 of the Dungeon
  7922 | D:10     | XOM: 2-stop teleportation journey
  7924 | D:10     | XOM: enchant monster (good)
  7931 | D:10     | XOM: confuse monster(s)
  7942 | D:10     | XOM: enchant monster (good)
  7955 | D:10     | XOM: potion effect (curing)
  7956 | D:10     | XOM: polymorph orc wizard -> kobold
  7960 | D:10     | Reached XP level 11. HP: 53/116 MP: 11/11
  7975 | D:10     | XOM: potion effect (invisibility)
  8068 | D:10     | Found a staircase to the Orcish Mines.
  8113 | D:10     | Found a portal to a secret trove of treasure.
  8138 | D:10     | Found a staircase to the Lair.
  8139 | D:10     | XOM: confuse monster(s)
  8164 | D:10     | XOM: cast spell 'Summon Cactus Giant'
  8216 | D:10     | Found an iron altar of Okawaru.
  8253 | D:10     | Noticed Snorg
  8270 | D:10     | XOM: blink monster(s)
  8396 | D:10     | XOM: blink monster(s)
  8398 | D:10     | XOM: summons 1 hostile shadow creature
  8399 | D:10     | XOM: summons 4 friendly demons
  8406 | D:10     | XOM: chaos upgrade
  8452 | D:10     | XOM: give mutations
  8452 | D:10     | Gained mutation: You have a somewhat thin skeletal
                  | structure. (Dex +2, Stealth+) [Xom's grace]
  8452 | D:10     | Lost mutation: You have large cloven feet. [Xom's grace]
  8452 | D:10     | Gained mutation: You have sharp toenails. [Xom's grace]
  8452 | D:10     | Gained mutation: You have an increased reservoir of magic.
                  | (+10% MP) [Xom's grace]
  8452 | D:10     | Gained mutation: You are extremely robust. (+30% HP) [Xom's
                  | grace]
  8575 | D:10     | XOM: polymorph orc -> quokka
  8578 | D:10     | XOM: scenery: summon butterflies
  8591 | D:10     | XOM: polymorph butterfly -> kobold
  8626 | D:10     | XOM: noise
  8763 | D:11     | XOM: summons 2 hostile demons
  8824 | D:11     | XOM: summons friendly shadow imp
  8869 | D:11     | XOM: cloud trail
  8889 | D:11     | XOM: summons 6 friendly demons
  8894 | D:11     | XOM: cleaving
  8899 | D:11     | XOM: summons friendly ufetubus
  8922 | D:11     | Reached skill level 14 in Maces & Flails
  8973 | D:11     | XOM: scenery: create altars
  8977 | D:11     | XOM: god gift: dark potion {god gift}
  8978 | D:11     | XOM: summons friendly quasit
  8980 | D:11     | XOM: noise
  9026 | D:11     | Noticed a two-headed ogre
  9035 | D:11     | XOM: noise
  9041 | D:11     | Killed a two-headed ogre
  9063 | D:11     | XOM: cloud trail
  9194 | D:11     | Found Apopnuwk's Weapon Emporium.
  9194 | D:11     | XOM: 10-stop teleportation journey
  9238 | D:11     | XOM: noise
  9257 | D:11     | Found a snail-covered altar of Cheibriados.
  9420 | D:12     | Noticed a two-headed ogre
  9423 | D:12     | XOM: potion effect (invisibility)
  9428 | D:12     | XOM: enchant monster (good)
  9444 | D:12     | Noticed a deep elf pyromancer
  9454 | D:12     | Killed a deep elf pyromancer
  9462 | D:12     | Killed a two-headed ogre
  9463 | D:12     | Reached skill level 10 in Fighting
  9513 | D:12     | Noticed a two-headed ogre
  9539 | D:12     | XOM: summons friendly crimson imp
  9548 | D:12     | Killed a two-headed ogre
  9611 | D:12     | Noticed a purple ugly thing
  9611 | D:12     | XOM: summons friendly crimson imp
  9615 | D:12     | XOM: confuse monster(s)
  9621 | D:12     | XOM: give mutations
  9621 | D:12     | Gained mutation: You are completely covered in iridescent
                  | scales. (AC +6) [Xom's grace]
  9621 | D:12     | Gained mutation: You are partially covered in large bone
                  | plates. (SH +4) [Xom's grace]
  9621 | D:12     | Gained mutation: Your spells are much harder to cast, but
                  | much more powerful. [Xom's grace]
  9624 | D:12     | Killed a purple ugly thing
  9756 | D:12     | XOM: cleaving
  9772 | D:12     | Reached skill level 15 in Maces & Flails
  9866 | D:12     | XOM: god gift: staff of conjuration
  9930 | D:12     | XOM: give mutations
  9930 | D:12     | Gained mutation: Your muscles are strong. (Str +4, Int/Dex
                  | -1) [Xom's grace]
  9930 | D:12     | Gained mutation: You have a moderately thin skeletal
                  | structure. (Dex +4, Stealth++) [Xom's grace]
  9964 | D:12     | Noticed a two-headed ogre
  9968 | D:12     | Killed a two-headed ogre
  9968 | D:12     | XOM: divine lightning
  9969 | D:12     | Reached skill level 10 in Armour
  9969 | D:12     | Reached XP level 12. HP: 121/137 MP: 13/13
 10094 | D:13     | Noticed a boulder beetle
 10113 | D:13     | Killed a boulder beetle
 10436 | D:13     | XOM: 3-stop teleportation journey
 10601 | D:13     | XOM: confuse monster(s)
 10648 | D:13     | XOM: scenery: 1 doors close
 10664 | D:13     | Noticed a boulder beetle
 10672 | D:13     | a boulder beetle changed into a death drake
 10672 | D:13     | XOM: polymorph boulder beetle -> death drake
 10688 | D:12     | XOM: confuse monster(s)
 10729 | D:13     | XOM: fog
 10795 | D:13     | XOM: give mutations
 10795 | D:13     | Gained mutation: You are somewhat resistant to both further
                  | mutation and mutation removal. [Xom's grace]
 10795 | D:13     | Gained mutation: You are strong-willed. (Will+) [Xom's
                  | grace]
 10795 | D:13     | Gained mutation: You have an unnaturally thin skeletal
                  | structure. (Dex +6, Stealth+++) [Xom's grace]
 10859 | D:13     | Noticed a vault guard
 10928 | D:12     | XOM: god gift: +6 ring of dexterity
 10990 | Lair:1   | Entered Level 1 of the Lair of Beasts
 10993 | Lair:1   | XOM: give mutations
 10993 | Lair:1   | Gained mutation: You are almost entirely resistant to
                  | further mutation and mutation removal. [Xom's grace]
 10993 | Lair:1   | Gained mutation: Your flesh is very heat resistant. (rF++)
                  | [Xom's grace]
 10993 | Lair:1   | Lost mutation: You are almost entirely resistant to further
                  | mutation and mutation removal. [Xom's grace]
 10993 | Lair:1   | Lost mutation: You are somewhat resistant to both further
                  | mutation and mutation removal. [Xom's grace]
 10993 | Lair:1   | Lost mutation: You are somewhat resistant to further
                  | mutation. [Xom's grace]
 10993 | Lair:1   | Gained mutation: You have hidden genetic potential. [Xom's
                  | grace]
 11067 | Lair:1   | Noticed Jeremiah
 11076 | Lair:1   | XOM: destruction
 11081 | Lair:1   | XOM: enchant monster (good)
 11086 | Lair:1   | Killed Jeremiah
 11116 | Lair:1   | XOM: summons friendly orange demon
 11133 | Lair:1   | Reached skill level 16 in Maces & Flails
 11172 | Lair:1   | XOM: polymorph yak -> bullfrog
 11191 | Lair:1   | XOM: divination: detect items
 11200 | Lair:1   | XOM: cast spell 'Summon Dragon'
 11201 | Lair:1   | XOM: silly message
 11254 | Lair:1   | Found a dark tunnel.
 11352 | Volcano  | Entered a volcano
 11390 | Volcano  | XOM: divination: magic mapping
 11396 | Volcano  | XOM: noise
 11422 | Volcano  | XOM: divination: detect items
 11430 | Volcano  | XOM: confuse monster(s)
 11441 | Volcano  | XOM: give mutations
 11441 | Volcano  | Lost mutation: You have an unnaturally thin skeletal
                  | structure. (Dex +6, Stealth+++) [Xom's mischief]
 11441 | Volcano  | Lost mutation: You passively map the area around you.
                  | [Xom's mischief]
 11485 | Volcano  | XOM: divination: detect creatures
 11488 | Volcano  | XOM: polymorph deep elf archer -> unseen horror
 11509 | Volcano  | Reached XP level 13. HP: 149/150 MP: 14/14
 11509 | Volcano  | XOM: scenery: 1 doors open, 2 doors close
 11776 | Lair:1   | XOM: summons friendly crimson imp
 11790 | Lair:1   | Reached skill level 17 in Maces & Flails
 11812 | Lair:1   | XOM: divination: magic mapping
 12000 | Lair:1   | XOM: potion effect (invisibility)
 12013 | Lair:1   | XOM: cast spell 'Discord'
 12029 | Lair:1   | XOM: god gift: boomerang
 12035 | Lair:1   | XOM: potion effect (invisibility)
 12133 | Lair:1   | Found the +3 pair of seven-league boots {Rampage+∞}
 12368 | Lair:2   | Found the +12 glaive of Prune {freeze, Prune}
 12421 | Lair:2   | XOM: summons 13 friendly demons
 12434 | Lair:2   | XOM: scenery: create altars
 12479 | Lair:2   | Gained mutation: You have sharp fingernails. [hidden
                  | potential]
 12781 | Lair:2   | XOM: summons 12 friendly demons
 12791 | Lair:2   | XOM: stat loss: -1 Dex (23/24)
 12892 | Lair:2   | XOM: divination: detect creatures
 12899 | Lair:2   | XOM: summons friendly ufetubus
 12906 | Lair:2   | XOM: enchant monster (good)
 12930 | Lair:2   | XOM: silly message
 12931 | Lair:2   | XOM: enchant monster (good)
 12932 | Lair:2   | XOM: enchant monster (bad)
 12933 | Lair:2   | XOM: divination: magic mapping
 12934 | Lair:2   | XOM: scenery: 1 doors open
 12986 | Lair:2   | XOM: give mutation
 12986 | Lair:2   | Gained mutation: You are resistant to electric shocks.
                  | (rElec) [Xom's grace]
 13056 | Lair:2   | XOM: fake destruction
 13062 | Lair:2   | XOM: polymorph torpor snail -> shapeshifter
 13065 | Lair:2   | XOM: fog
 13066 | Lair:2   | XOM: fake destruction
 13129 | Lair:2   | XOM: god gift: orange potion {god gift}
 13183 | Lair:2   | Identified the +0 robe of Munangar {Regen+}
 13206 | Lair:2   | XOM: enchant monster (good)
 13245 | Lair:2   | XOM: polymorph killer bee -> hobgoblin
 13262 | Lair:2   | XOM: cast spell 'Chain of Chaos'
 13279 | Lair:2   | Reached skill level 18 in Maces & Flails
 13400 | Lair:2   | XOM: potion effect (haste)
 13597 | Lair:3   | XOM: confuse monster(s)
 13609 | Lair:3   | XOM: noise
 13616 | Lair:3   | XOM: enchant monster (bad)
 13672 | Lair:3   | Found a hole to the Spider Nest.
 13693 | Lair:3   | XOM: enchant monster (good)
 13707 | Lair:3   | XOM: fog
 13716 | Lair:3   | XOM: 1-stop teleportation journey
 13736 | Lair:3   | XOM: cast spell 'Summon Small Mammal'
 13746 | Lair:3   | XOM: enchant monster (good)
 13757 | Lair:3   | XOM: snakes to sticks
 13824 | Lair:3   | XOM: confuse monster(s)
 13891 | Lair:3   | Found a staircase to the Shoals.
 13901 | Lair:3   | XOM: polymorph merfolk siren -> water nymph
 14143 | Lair:3   | XOM: give mutations
 14143 | Lair:3   | Lost mutation: You are resistant to electric shocks.
                  | (rElec) [Xom's mischief]
 14143 | Lair:3   | Lost mutation: You expend magic power (3 MP) to strengthen
                  | your wands. [Xom's mischief]
 14203 | Lair:3   | XOM: give mutation
 14203 | Lair:3   | Lost mutation: Your system is resistant to poisons. (rPois)
                  | [Xom's mischief]
 14418 | Lair:4   | XOM: confuse monster(s)
 14580 | Lair:4   | XOM: polymorph yak -> elephant
 14585 | Lair:4   | XOM: noise
 14591 | Lair:4   | XOM: noise
 14606 | Lair:4   | XOM: summons 7 friendly demons
 14613 | Lair:4   | Reached XP level 14. HP: 164/165 MP: 15/15
 14683 | Lair:4   | XOM: confuse monster(s)
 14729 | Lair:4   | XOM: cast spell 'Monstrous Menagerie'
 14742 | Lair:4   | XOM: confuse monster(s)
 14771 | Lair:4   | XOM: cloud trail
 14835 | Lair:4   | Found a viscous altar of Jiyva.
 14838 | Lair:4   | Found a staircase to the Slime Pits.
 14847 | Lair:4   | XOM: 7-stop teleportation journey
 14879 | Lair:4   | XOM: potion effect (berserk rage)
 14917 | Lair:4   | XOM: 1-stop teleportation journey
 15093 | Lair:4   | XOM: silly message
 15100 | Lair:4   | XOM: divination: detect creatures
 15106 | Lair:4   | Gained mutation: Your movements are less encumbered by
                  | armour. (ER -4) [hidden potential]
 15106 | Lair:4   | Lost mutation: You have hidden genetic potential. [hidden
                  | potential expressed]
 15384 | Lair:4   | XOM: cloud trail
 15414 | Lair:5   | Entered Level 5 of the Lair of Beasts
 15436 | Lair:5   | Found a transporter.
 15439 | Lair:5   | Noticed Autsider's ghost (journeyman TrFi)
 15535 | Lair:5   | Noticed Rupert
 15537 | Lair:5   | XOM: scenery: summon butterflies
 15556 | Lair:5   | Killed Rupert
 15612 | Lair:5   | XOM: fake destruction
 15615 | Lair:5   | XOM: fog
 15622 | Lair:5   | XOM: polymorph death yak -> shining eye
 15636 | Lair:5   | XOM: confuse monster(s)
 15639 | Lair:5   | XOM: summons friendly ufetubus
 15640 | Lair:5   | XOM: stat loss: -1 Dex (23/24)
 15655 | Lair:5   | XOM: summons 4 friendly demons
 15657 | Lair:5   | XOM: god gift: ring of resist corrosion
 15670 | Lair:5   | XOM: summons 6 friendly demons
 15691 | Lair:5   | XOM: summons friendly shadow imp
 15708 | Lair:5   | XOM: enchant monster (bad)
 15826 | Lair:5   | XOM: 2-stop teleportation journey
 15831 | Lair:5   | Found a transporter.
 15852 | Lair:5   | Noticed Urug
 15860 | Lair:5   | XOM: summons 4 friendly demons
 15892 | Lair:5   | Killed Urug
 16013 | Lair:5   | XOM: enchant monster (good)
 16037 | Lair:5   | XOM: polymorph elephant -> ice beast
 16114 | Lair:5   | XOM: god gift: wand of paralysis (5)
 16248 | Lair:5   | XOM: fake destruction
 16254 | Lair:5   | XOM: cast spell 'Summon Mana Viper'
 16258 | Lair:5   | XOM: swap monsters
 16264 | Lair:5   | a death yak changed into an emperor scorpion
 16264 | Lair:5   | Noticed an emperor scorpion
 16265 | Lair:5   | XOM: polymorph mana viper -> satyr
 16270 | Lair:5   | XOM: cast spell 'Fugue of the Fallen'
 16280 | Lair:5   | XOM: cast spell 'Death Channel'
 16287 | Lair:5   | XOM: divination: magic mapping
 16313 | Lair:5   | XOM: scenery: create altars
 16320 | Lair:5   | XOM: cleaving
 16337 | Lair:5   | XOM: scenery: create altars
 16344 | Lair:5   | XOM: polymorph death yak -> merfolk
 16360 | Lair:5   | XOM: enchant monster (good)
 16372 | Lair:5   | XOM: divination: magic mapping
 16375 | Lair:5   | Killed an emperor scorpion
 16376 | Lair:5   | XOM: scenery: create altars
 16457 | Lair:5   | XOM: confuse monster(s)
 16535 | Lair:5   | XOM: divine lightning
 16547 | Lair:5   | Identified the +1 leather armour of Altruism {Rampage}
 16567 | Lair:5   | Lost mutation: Your flesh is very heat resistant. (rF++)
                  | [potion of mutation]
 16567 | Lair:5   | Lost mutation: You are partially covered in large bone
                  | plates. (SH +4) [potion of mutation]
 16567 | Lair:5   | Gained mutation: You have razor-sharp toenails. [potion of
                  | mutation]
 16647 | Lair:5   | XOM: scenery: create altars
 16861 | Lair:2   | XOM: give mutation
 16861 | Lair:2   | Gained mutation: Your flesh is very heat resistant. (rF++)
                  | [Xom's grace]
 16984 | Orc:1    | Entered Level 1 of the Orcish Mines
 16986 | Orc:1    | XOM: potion effect (berserk rage)
 16997 | Orc:1    | XOM: potion effect (haste)
 16999 | Orc:1    | XOM: potion effect (curing)
 17039 | Orc:1    | Found Ulacveiwn's Jewellery Boutique.
 17059 | Orc:1    | Bought the amulet of the Four Winds {rN+ Will+++ Clar} for
                  | 910 gold pieces
 17059 | Orc:1    | Found the amulet of the Four Winds {rN+ Will+++ Clar}
 17113 | Orc:1    | XOM: noise
 17117 | Orc:1    | XOM: silly message
 17231 | Orc:2    | Entered Level 2 of the Orcish Mines
 17258 | Orc:2    | XOM: silly message
 17322 | Orc:2    | XOM: potion effect (brilliance)
 17351 | Orc:1    | XOM: noise
 17378 | Orc:1    | XOM: cast spell 'Leda's Liquefaction'
 17385 | Orc:1    | XOM: summons 3 friendly demons
 17395 | Orc:1    | XOM: blink monster(s)
 17416 | Orc:1    | Reached skill level 10 in Dodging
 17438 | Orc:1    | XOM: summons 8 hostile demons
 17619 | Orc:1    | XOM: silly message
 17651 | Orc:1    | XOM: chaos upgrade
 17783 | Orc:2    | Found a staircase to the Elven Halls.
 17951 | Abyss:1  | Found a corrupted altar of Lugonu.
 17951 | Abyss:1  | Cast into level 1 of the Abyss (orc)
 18034 | Abyss:1  | XOM: blink monster(s)
 18147 | Abyss:1  | XOM: summons friendly white imp
 18155 | Abyss:1  | Reached XP level 15. HP: 144/180 MP: 16/16
 18164 | Abyss:1  | Paralysed by an apocalypse crab for 1 turns
 18258 | Abyss:1  | XOM: give mutations
 18258 | Abyss:1  | Lost mutation: Your spells are much harder to cast, but
                  | much more powerful. [Xom's mischief]
 18258 | Abyss:1  | Lost mutation: You have very sharp teeth. [Xom's mischief]
 18258 | Abyss:1  | Lost mutation: Your muscles are strong. (Str +4, Int/Dex
                  | -1) [Xom's mischief]
 18258 | Abyss:1  | Lost mutation: You possess an exceptional clarity of mind.
                  | [Xom's mischief]
 18360 | Abyss:1  | XOM: potion effect (haste)
 18378 | Abyss:1  | Found a corrupted altar of Lugonu.
 18383 | Abyss:1  | XOM: give mutations
 18383 | Abyss:1  | Lost mutation: You passively map a small area around you.
                  | [Xom's mischief]
 18383 | Abyss:1  | Lost mutation: You are very agile. (Dex +8, Str/Int -2)
                  | [Xom's mischief]
 18383 | Abyss:1  | Lost mutation: Your movements are less encumbered by
                  | armour. (ER -4) [Xom's mischief]
 18389 | Orc:2    | Escaped the Abyss
 18493 | Orc:2    | Found a runed translucent door.
 18495 | Orc:2    | Found a shimmering altar of Xom.
 18495 | Orc:2    | Noticed Konar's ghost (journeyman CoHu)
 18521 | Orc:2    | XOM: destruction
 18582 | Orc:2    | XOM: polymorph orange demon -> smoke demon
 18624 | Orc:2    | XOM: enchant monster (good)
 18625 | Orc:2    | Killed from afar by a kobold blastminer

Illustrated notes

Levels and vault maps discovered:
D:1:      kennysheep_arrival_seaside, layout_basic, minmay_octomino_e4
D:2:      layout_loops_ring, uniq_sigmund, uniq_crazy_yiuf_cottage, uniq_natasha
D:3:      layout_basic
D:4:      layout_loops_ring, uniq_pikel
D:5:      layout_basic, pf_just_have_faith
D:6:      layout_loops_ring, lemuel_zombie_altar_yredelemnul,
          minmay_temple_entry_waves, uniq_duvessa, uniq_eustachio
D:7:      layout_cave_pods, nzn_makhleb_speed_demon,
          nicolae_overflow_hidden_temple, enter_bailey_5, uniq_maurice,
          uniq_menkaure
D:8:      layout_basic, nicolae_qazlal_style_of_elements
D:9:      layout_rooms, kennysheep_little_box, uniq_psyche
D:10:     layout_roguey, amcnicky_altar_gilded, erik_lair_orcish_takeover,
          david_orc_4, enter_trove_0, special_room [special_room_orc],
          uniq_snorg
D:11:     layout_irregular_city, serial_shops,
          nicolae_shop_bloodbath_and_beyond, hangedman_decor_riveting,
          cheibriados_altar_1
D:12:     layout_roguey
D:13:     layout_stronghold, hellmonk_vaults_keyhole
Temple:   nicolae_temple_god_jail
Lair:1:   layout_gridlike, enter_volcano_1,
          hellmonk_guarded_unrand_seven_league_boots, grunt_megastairs_3,
          uniq_jeremiah
Lair:2:   nzn_winding_woodlands_large [nzn_winding_woodlands_5x5_open_star,
          nzn_winding_woodlands_5x15_lazy_stream,
          nzn_winding_woodlands_5x5_three, nzn_winding_woodlands_center_lodge,
          nzn_winding_woodlands_15x15_eel_pit,
          nzn_winding_woodlands_center_triple_pond,
          nzn_winding_woodlands_5x5_cross, nzn_winding_woodlands_5x15_zeroes,
          nzn_winding_woodlands_5x5_default], layout_long_grid, special_room
          [special_room_bee], minmay_stone_trees_small,
          pdpol_lair_neglected_garden, lemuel_fruit_fields
Lair:3:   layout_gridlike, minmay_shoals_entry_lonely_mermaid,
          nicolae_spider_entry_non_spiders, roderic_carrion_pond
Lair:4:   layout_cellular_growth, slime_entry_2, nicolae_quartered_pool_impasse,
          lemuel_fruit_tree
Lair:5:   grunt_lair_end_beastmaster, layout_regular_city,
          gammafunk_ghost_berserking_beasts, serial_bayou_shore_b,
          serial_bayou_shore_b, infiniplex_staircase_pool, uniq_urug,
          uniq_rupert
Orc:1:    layout_caves, serial_shops, shop, lightli_orcish_oven
Orc:2:    grunt_orc_tribal_feast, layout_caves, ebering_ghost_xom

Skill      XL: |  1  2  3  4  5  6  7  8  9 10 11 12 13 14 |
---------------+-------------------------------------------+-----
Maces & Flails | 4 5 6 7 9 11 13 15 16 18 | 18.5
Dodging        | 1 2 3 4 5 6 7 8 10 | 10.3
Armour         | 3 4 5 6 7 8 10 11 12 14 | 14.5
Fighting       | 4 5 6 7 9 10 11 12 14 | 14.8

Action                     |  1- 3 |  4- 6 |  7- 9 | 10-12 | 13-15 || total
---------------------------+-------+-------+-------+-------+-------++-------
  Melee: Mace              |   123 |   149 |   393 |  1023 |  1846 ||  3534
         Kick              |       |       |   106 |   429 |    52 ||   587
         Bite              |       |       |    24 |   171 |   330 ||   525
         Glaive            |       |       |       |       |    74 ||    74
  Throw: Dart              |       |       |       |     2 |       ||     2
  Evoke: Wand              |       |       |       |       |     4 ||     4
    Use: Scroll            |       |       |    13 |     6 |     8 ||    27
         Potion            |       |       |       |       |     5 ||     5
   Stab: Confused          |     2 |       |     4 |    19 |    61 ||    86
         Petrified         |       |     1 |       |    14 |    28 ||    43
         Petrifying        |       |     1 |       |     3 |    10 ||    14
         Invisible         |       |       |     7 |    12 |     8 ||    27
         Paralysed         |       |       |     1 |     3 |     6 ||    10
         Distracted        |       |       |       |     2 |     8 ||    10
         Held in net/web   |       |       |       |     2 |     4 ||     6
         Sleeping          |       |       |       |     5 |     9 ||    14
 Armour: Leather armour    |    87 |    13 |       |       |       ||   100
         Scale mail        |       |   104 |   270 |   549 |   990 ||  1913
         Chain mail        |       |       |       |       |    75 ||    75
         Skin              |       |       |       |       |     1 ||     1
  Dodge: Dodged            |    76 |    78 |   217 |   457 |  1355 ||  2183
  Block: Buckler           |       |       |    43 |   223 |   577 ||   843
         Other             |       |       |       |       |    46 ||    46

Table legend: (Time is in decaauts)
 A = Elapsed time spent in this place.
 B = Non-inter-level travel time spent in this place.
 C = Inter-level travel time spent in this place.
 D = Time resting spent in this place.
 E = Time spent auto-exploring this place.
 F = Levels seen in this place.
 G = Mean time per level.
                   A        B        C        D        E       F      G
               +--------+--------+--------+--------+--------+-----+--------+
         Total |  18107 |  17343 |    764 |    165 |  11388 |  24 |  754.5 |
       Dungeon |  10781 |  10221 |    560 |     77 |   7482 |  13 |  829.3 |
        Temple |      1 |      1 |      0 |      0 |      0 |   1 |    1.0 |
          Lair |   5470 |   5287 |    183 |     58 |   3298 |   5 | 1094.0 |
  Orcish Mines |   1049 |   1028 |     21 |      5 |    531 |   2 |  524.5 |
         Abyss |    426 |    426 |      0 |     13 |      0 |   1 |  426.0 |
        Bailey |    170 |    170 |      0 |      0 |     54 |   1 |  170.0 |
       Volcano |    207 |    207 |      0 |     12 |     23 |   1 |  207.0 |
               +--------+--------+--------+--------+--------+-----+--------+

Top non-repeatable levels by time:
  Lair:2: 1369 daAuts
  Lair:5: 1296 daAuts
     D:2: 1153 daAuts
     D:1: 1141 daAuts
     D:5: 1126 daAuts
  Lair:1: 1042 daAuts
  Lair:4: 1011 daAuts
     D:4: 927 daAuts
    D:10: 887 daAuts
     D:7: 815 daAuts
    D:13: 760 daAuts
  Lair:3: 750 daAuts
    D:11: 742 daAuts
    D:12: 718 daAuts
     D:8: 691 daAuts
